 Dungeon Crawl Stone Soup version 0.31.0-11-ge490571c62 (webtiles) character file.

Game seed: 16611699367060570995

2616 qw the Skirmisher (level 9, -1/52 HPs)
             Began as a Deep Elf Hunter on Feb 4, 2024.
             Was a Follower of Okawaru.
             Slain by a yak (6 damage)
             ... on level 8 of the Dungeon.
             The game lasted 00:00:39 (6427 turns).

qw the Skirmisher (Deep Elf Hunter)                 Turns: 6427, Time: 00:00:39

Health: -1/52      AC:  7    Str: 12    XL:     9   Next: 34%
Magic:  11/12      EV: 14    Int: 15    God:    Okawaru [*.....]
Gold:   289        SH:  0    Dex: 18    Spells: 8/8 levels left

rFire   + . .        a - +0 shortbow
rCold   + . .        (shield currently unavailable)
rNeg    . . .        g - +0 ring mail
rPois   .            (no helmet)
rElec   .            b - scarf {rC+ rF+}
rCorr   .            k - +1 pair of gloves {infuse}
SInv    .            (no boots)
Will    .....        e - amulet of faith
Stlth   +            (no ring)
HPRegen 0.28/turn    (no ring)
MPRegen 0.13/turn

%: faith, infuse magic (1 MP)
@: no status effects
A: no striking features
a: Renounce Religion, Heroism


You were on level 8 of the Dungeon.
You worshipped Okawaru.
Okawaru was aware of your devotion.
You visited 2 branches of the dungeon, and saw 9 of its levels.

You collected 289 gold pieces.


   Skills:
 - Level 4.0 Fighting
 - Level 14.0 Ranged Weapons
 - Level 2.2 Armour
 + Level 6.6 Dodging
 - Level 1.2 Stealth
 + Level 1.3 Invocations


You had 8 spell levels left.
You didn't know any spells.
Your spell library was empty.

Inventory:

Hand Weapons
 a - a +0 shortbow (weapon)
Armour
 b - a scarf of resistance (worn)
 g - a +0 ring mail (worn)
 j - a +0 cloak
 k - a +1 pair of gloves of infusion (worn)
Jewellery
 c - a ring of poison resistance
 e - an amulet of faith (around neck)
Wands
 h - a wand of quicksilver (8)
 l - a wand of mindburst (20)
 n - a wand of digging (4)
Potions
 d - a potion of might
 f - a potion of resistance {unknown}
 i - 6 potions of curing

Dungeon Overview and Level Annotations

Branches:
Dungeon (8/15)             Temple (1/1) D:7
   Lair: D:8-11

Altars:
Ashenzari
Dithmenos
Elyvilon
Fedhas
Gozag
Kikubaaqudgha
Nemelex Xobeh
Okawaru
Ru
Trog
Uskayaw
Vehumet
Wu Jian


Message History

You shoot an arrow.
The arrow hits the yak but does no damage.
The yak is lightly wounded.
The sky beast flickers out of sight!
Deactivating autopickup; reactivate with Ctrl-A.
The yak gores you.
You shoot an arrow. The arrow hits the yak!
The yak is moderately wounded.
You shoot an arrow. The arrow hits the yak.
The yak is moderately wounded.
The yak barely misses you.
You shoot an arrow. The arrow hits the yak.
The yak is heavily wounded.
The yak closely misses you.
You shoot an arrow. The arrow hits the yak!
The yak is severely wounded.
The yak closely misses you.
You shoot an arrow.
The arrow hits the yak but does no damage.
The yak is severely wounded.
The yak closely misses you.
You shoot an arrow. The arrow hits the yak!
The yak is almost dead.
You shoot an arrow.
The arrow hits the yak but does no damage.
The yak is almost dead.
The yak gores you but does no damage.
You shoot an arrow. The arrow hits the yak!
You kill the yak!
Okawaru accepts your kill.
Your Invocations skill increases to level 1!
You shoot an arrow. The arrow hits the yak!
The yak is moderately wounded.
The yak gores you.
You shoot an arrow. The arrow closely misses the yak.
The yak barely misses you.
You shoot an arrow. The arrow hits the yak!
The yak is heavily wounded.
The yak gores you.
You die...

#......######.....###
#.#.#...######......#
#.#.##......##......#
#.#.........<.......#
#.#.##.######.......#
#...##.# #.......#
######.# #.###.###
#.# #.# #.# #@# #..
#.# #Y# ##. #.# #{# #
#.. #~. #... #...
#....


You could see a yak.

Vanquished Creatures
  3 yaks (D:8)
  A water moccasin (D:4)
  An ice beast (D:6)
  5 black bears
  An ogre (D:7)
  A phantom (D:5)
  A bullfrog (D:7)
  3 necrophages (D:4)
  A gnoll sergeant (D:6)
  A water moccasin zombie (D:4)
  2 scorpions
  3 wights (D:6)
  2 howler monkeys (D:5)
  2 hounds (D:5)
  3 bombardier beetles
  4 orc priests
  2 sleepcaps
  Jessica (D:3)
  An iguana (D:4)
  3 orc wizards
  A hound zombie (D:4)
  4 adders
  7 gnolls
  2 white imps
  An adder zombie (D:4)
  3 dart slugs
  2 ribbon worms
  12 orcs
  5 endoplasms
  4 giant cockroaches
  2 hobgoblins (D:2)
  5 jackals
  5 kobolds
  2 quokkas
  7 ball pythons
  7 bats
  2 frilled lizards
  3 goblins
  4 rats
119 creatures vanquished.

Notes
Turn   | Place    | Note
-------+----------+-------------------------------------------
     0 | D:1      | qw the Deep Elf Hunter began the quest for the Orb.
     0 | D:1      | Reached XP level 1. HP: 12/12 MP: 3/3
     0 | D:1      | 0 ||| qw: Version: 0.3-a-160-g6735b56
     0 | D:1      | 0 ||| qw: Game counter: 5017
     0 | D:1      | 0 ||| qw: Melee chars always use a shield: true
     0 | D:1      | 0 ||| qw: God list: Okawaru
     0 | D:1      | 0 ||| qw: Allow faded altars: false
     0 | D:1      | 0 ||| qw: Do Orc after clearing Dungeon:15 true
     0 | D:1      | 0 ||| qw: Do second Lair branch before Depths: true
     0 | D:1      | 0 ||| qw: Lair rune preference: random
     0 | D:1      | 0 ||| qw: Goals: Normal
     0 | D:1      | 0 ||| PLANNING D:1-11
   259 | D:1      | Reached skill level 6 in Ranged Weapons
   259 | D:1      | Reached XP level 2. HP: 16/16 MP: 4/4
   851 | D:1      | 851 ||| UPGRADING to +0 ring mail.
   861 | D:1      | 861 ||| DROPPING +0 leather armour.
   862 | D:1      | 862 ||| UPGRADING to +1 pair of gloves of infusion.
   867 | D:1      | 867 ||| READING scroll labelled QAMOFRO WIPUQU.
   868 | D:1      | 868 ||| READING scroll labelled HEBIPSA UCAFRAO.
   868 | D:1      | 868 ||| IDENTIFYING black potion
   869 | D:1      | 869 ||| READING scroll labelled GYLACU FUPN.
   970 | D:1      | 970 ||| READING 2 scrolls labelled ZAJ NALUWK.
   974 | D:1      | 974 ||| DRINKING 2 coppery potions.
   975 | D:1      | 975 ||| DROPPING scroll of butterflies.
   976 | D:1      | 976 ||| DROPPING potion of attraction.
   980 | D:2      | Found a faded altar of an unknown god.
  1033 | D:2      | Reached XP level 3. HP: 19/20 MP: 5/5
  1650 | D:2      | 1650 ||| UPGRADING to scarf of resistance.
  1655 | D:2      | 1655 ||| READING scroll labelled SUOFYDW VOCAO.
  1656 | D:2      | 1656 ||| READING scroll labelled JOMIBO ANTEONN.
  1708 | D:3      | Reached skill level 7 in Ranged Weapons
  1780 | D:3      | Reached XP level 4. HP: 17/25 MP: 6/6
  2141 | D:3      | Reached skill level 8 in Ranged Weapons
  2144 | D:3      | HP: 5/25 [gnoll/+0 flail (7)]
  2145 | D:3      | 2145 ||| READING scroll of teleportation.
  2531 | D:3      | Noticed Jessica
  2538 | D:3      | Killed Jessica
  2539 | D:3      | Reached XP level 5. HP: 29/29 MP: 7/7
  2634 | D:3      | 2634 ||| READING scroll labelled LIQEV NOENIA.
  2635 | D:3      | 2635 ||| READING scroll labelled AMESAQAIRA.
  2636 | D:3      | 2636 ||| READING 3 scrolls labelled INEPYE KIGH.
  2637 | D:3      | 2637 ||| DROPPING 2 scrolls of blinking.
  2706 | D:4      | Reached skill level 9 in Ranged Weapons
  2897 | D:4      | Found a blossoming altar of Fedhas.
  2977 | D:4      | Noticed a water moccasin
  2982 | D:4      | 2982 ||| ZAPPING wand of quicksilver (14) at -3,-7 (water
                  | moccasin; floor).
  2983 | D:4      | 2983 ||| ZAPPING wand of quicksilver (13) at -2,-5 (water
                  | moccasin; floor).
  2984 | D:4      | 2984 ||| ZAPPING wand of quicksilver (12) at -1,-4 (water
                  | moccasin; floor).
  2985 | D:4      | 2985 ||| ZAPPING wand of quicksilver (11) at 0,-3 (water
                  | moccasin; floor).
  2985 | D:4      | Killed a water moccasin
  2986 | D:4      | Reached skill level 10 in Ranged Weapons
  2986 | D:4      | Reached XP level 6. HP: 23/35 MP: 8/8
  2988 | D:4      | 2988 ||| FLEEEEING.
  2989 | D:4      | 2989 ||| FLEEEEING.
  2990 | D:4      | 2990 ||| FLEEEEING.
  2991 | D:4      | 2991 ||| FLEEEEING.
  2992 | D:4      | 2992 ||| FLEEEEING.
  2993 | D:4      | 2993 ||| FLEEEEING.
  2994 | D:4      | 2994 ||| FLEEEEING.
  2995 | D:4      | 2995 ||| FLEEEEING.
  2996 | D:4      | 2996 ||| FLEEEEING.
  2997 | D:4      | 2997 ||| FLEEEEING.
  2998 | D:4      | 2998 ||| FLEEEEING.
  2999 | D:4      | 2999 ||| STAIRDANCE
  3032 | D:3      | 3032 ||| UPGRADING to amulet of faith.
  3037 | D:3      | 3037 ||| READING scroll of identify.
  3037 | D:3      | 3037 ||| IDENTIFYING bubbling red potion
  3222 | D:4      | 3222 ||| RETREEEEATING.
  3223 | D:4      | 3223 ||| RETREEEEATING.
  3224 | D:4      | 3224 ||| RETREEEEATING.
  3225 | D:4      | 3225 ||| RETREEEEATING.
  3226 | D:4      | 3226 ||| RETREEEEATING.
  3227 | D:4      | 3227 ||| RETREEEEATING.
  3228 | D:4      | 3228 ||| RETREEEEATING.
  3229 | D:4      | 3229 ||| RETREEEEATING.
  3230 | D:4      | 3230 ||| RETREEEEATING.
  3231 | D:4      | 3231 ||| RETREEEEATING.
  3232 | D:4      | 3232 ||| RETREEEEATING.
  3233 | D:4      | 3233 ||| RETREEEEATING.
  3234 | D:4      | 3234 ||| RETREEEEATING.
  3235 | D:4      | 3235 ||| RETREEEEATING.
  3236 | D:4      | 3236 ||| RETREEEEATING.
  3237 | D:4      | 3237 ||| RETREEEEATING.
  3238 | D:4      | 3238 ||| RETREEEEATING.
  3239 | D:4      | 3239 ||| RETREEEEATING.
  3240 | D:4      | 3240 ||| RETREEEEATING.
  3241 | D:4      | 3241 ||| RETREEEEATING.
  3242 | D:4      | 3242 ||| RETREEEEATING.
  3243 | D:4      | 3243 ||| RETREEEEATING.
  3244 | D:4      | 3244 ||| RETREEEEATING.
  3245 | D:4      | 3245 ||| RETREEEEATING.
  3246 | D:4      | 3246 ||| RETREEEEATING.
  3247 | D:4      | 3247 ||| RETREEEEATING.
  3248 | D:4      | 3248 ||| RETREEEEATING.
  3249 | D:4      | 3249 ||| RETREEEEATING.
  3250 | D:4      | 3250 ||| RETREEEEATING.
  3251 | D:4      | 3251 ||| RETREEEEATING.
  3252 | D:4      | 3252 ||| RETREEEEATING.
  3253 | D:4      | 3253 ||| RETREEEEATING.
  3254 | D:4      | 3254 ||| RETREEEEATING.
  3255 | D:4      | 3255 ||| RETREEEEATING.
  3256 | D:4      | 3256 ||| RETREEEEATING.
  3257 | D:4      | 3257 ||| RETREEEEATING.
  3258 | D:4      | 3258 ||| RETREEEEATING.
  3259 | D:4      | 3259 ||| RETREEEEATING.
  3260 | D:4      | 3260 ||| RETREEEEATING.
  3261 | D:4      | 3261 ||| RETREEEEATING.
  3262 | D:4      | 3262 ||| RETREEEEATING.
  3263 | D:4      | 3263 ||| RETREEEEATING.
  3264 | D:4      | 3264 ||| RETREEEEATING.
  3275 | D:4      | Reached skill level 3 in Dodging
  3289 | D:4      | Reached skill level 1 in Armour
  3289 | D:4      | Reached XP level 7. HP: 14/36 MP: 9/9
  3307 | D:4      | HP: 6/38 [water moccasin zombie (5)]
  3308 | D:4      | 3308 ||| READING scroll of teleportation.
  3536 | D:5      | Entered Level 5 of the Dungeon
  3618 | D:5      | Reached skill level 11 in Ranged Weapons
  3918 | D:5      | Reached skill level 12 in Ranged Weapons
  3919 | D:5      | Found a broken altar of Ashenzari.
  3954 | D:5      | HP: 7/40 [black bear (4)]
  3957 | D:5      | HP: 3/40 [black bear (1)]
  3962 | D:5      | Reached XP level 8. HP: 3/45 MP: 10/10
  4286 | D:5      | Reached skill level 3 in Fighting
  4467 | D:5      | 4467 ||| DROPPING scarf of shadows.
  4468 | D:5      | 4468 ||| READING scroll of identify.
  4468 | D:5      | 4468 ||| IDENTIFYING white potion
  4469 | D:5      | 4469 ||| DROPPING potion of brilliance.
  4740 | D:6      | 4740 ||| RETREEEEATING.
  4920 | D:6      | 4920 ||| ZAPPING wand of quicksilver (10) at -2,2 (black
                  | bear; floor).
  4978 | D:6      | Reached skill level 13 in Ranged Weapons
  5251 | D:6      | 5251 ||| ZAPPING wand of quicksilver (9) at -1,1 (black
                  | bear; floor).
  5252 | D:6      | Reached skill level 14 in Ranged Weapons
  5372 | D:6      | 5372 ||| READING scroll of identify.
  5372 | D:6      | 5372 ||| IDENTIFYING emerald potion
  5373 | D:6      | 5373 ||| READING scroll labelled XESIWA ESAMAP.
  5374 | D:6      | 5374 ||| DROPPING potion of magic.
  5405 | D:7      | 5405 ||| STAIRDANCE
  5423 | D:7      | 5423 ||| STAIRDANCE
  5557 | D:7      | 5557 ||| FLEEEEING.
  5558 | D:7      | 5558 ||| FLEEEEING.
  5559 | D:7      | 5559 ||| FLEEEEING.
  5560 | D:7      | 5560 ||| FLEEEEING.
  5561 | D:7      | 5561 ||| FLEEEEING.
  5562 | D:7      | 5562 ||| FLEEEEING.
  5563 | D:7      | 5563 ||| FLEEEEING.
  5564 | D:7      | 5564 ||| FLEEEEING.
  5565 | D:7      | 5565 ||| FLEEEEING.
  5566 | D:7      | 5566 ||| FLEEEEING.
  5567 | D:7      | 5567 ||| FLEEEEING.
  5568 | D:7      | 5568 ||| FLEEEEING.
  5569 | D:7      | 5569 ||| FLEEEEING.
  5570 | D:7      | 5570 ||| FLEEEEING.
  5571 | D:7      | 5571 ||| FLEEEEING.
  5572 | D:7      | 5572 ||| FLEEEEING.
  5573 | D:7      | 5573 ||| FLEEEEING.
  5664 | D:7      | Found a staircase to the Ecumenical Temple.
  5665 | D:7      | 5665 ||| PLANNING TEMPLE
  5665 | D:7      | 5665 ||| READING scroll of identify.
  5665 | D:7      | 5665 ||| IDENTIFYING purple potion
  5666 | D:7      | 5666 ||| DROPPING potion of ambrosia.
  5670 | Temple   | Entered the Ecumenical Temple
  5671 | Temple   | 5671 ||| PLANNING OKAWARU WORSHIP
  5690 | Temple   | Became a worshipper of Warmaster Okawaru
  5691 | Temple   | 5691 ||| PLANNING D:1-11
  5785 | D:7      | Reached XP level 9. HP: 51/51 MP: 11/11
  6326 | D:7      | 6326 ||| READING scroll labelled JOXIPO LUEVACY.
  6327 | D:7      | 6327 ||| DROPPING wand of flame (11).
  6399 | D:8      | Reached skill level 6 in Dodging
  6410 | D:8      | Reached * piety under Okawaru
  6415 | D:8      | HP: 8/52 [yak (14)]
  6425 | D:8      | Reached skill level 1 in Invocations
  6425 | D:8      | HP: 4/52 [yak (2)]
  6427 | D:8      | Slain by a yak

Levels and vault maps discovered:
D:1:      scummos_arrival_simple_crosswalls, layout_basic
D:2:      layout_basic, nicolae_ecumenical_pavilion, st_stairs_12,
          nicolae_underground_beach
D:3:      layout_loops_corners, uniq_jessica
D:4:      layout_cave_pools, fedhas_altar_decomposition
D:5:      layout_loops_ring, nicolae_overflow_crystal_walls
D:6:      layout_basic
D:7:      lemuel_ice_spiral_2, layout_basic, minmay_temple_entry_proselytizer,
          dk_noncrumbling_4
D:8:      layout_basic, mainiacjoe_overflow_alcove_4, uniq_psyche, uniq_erica
Temple:   hellmonk_temple_of_storms

Skill      XL: |  1  2  3  4  5  6  7  8  9 |
---------------+----------------------------+-----
Ranged Weapons | 6 7 8 10 12 14 | 14.0
Fighting       | 2 3 4 |  4.0
Dodging        | 3 5 6 |  6.6
Armour         | 1 2 |  2.2
Invocations    | 1 |  1.3
Stealth        | |  1.2

Action                     |  1- 3 |  4- 6 |  7- 9 || total
---------------------------+-------+-------+-------++-------
   Fire: Shortbow          |   121 |   164 |   341 ||   626
  Evoke: Wand              |       |     4 |     2 ||     6
    Use: Scroll            |     6 |     5 |     6 ||    17
         Potion            |     1 |       |       ||     1
 Armour: Leather armour    |     9 |       |       ||     9
         Ring mail         |    24 |    54 |   138 ||   216
  Dodge: Dodged            |    32 |    39 |    91 ||   162

Table legend:
 A = Non-vault XP
 B = Vault XP
 C = Vault XP percentage of total XP
 D = Non-vault monster count
 E = Vault monster count
 F = Vault count percentage of total count
                 A         B        C        D         E       F
            +---------+---------+-------+---------+---------+-------
      Total |    3281 |     457 |  12.2 |     110 |       9 |   7.6
            +---------+---------+-------+---------+---------+-------
        D:1 |      27 |       0 |   0.0 |      16 |       0 |   0.0
        D:2 |      31 |       2 |   6.1 |      18 |       1 |   5.3
        D:3 |     146 |      37 |  20.2 |      21 |       1 |   4.5
        D:4 |     322 |     375 |  53.8 |      15 |       6 |  28.6
        D:5 |     602 |       0 |   0.0 |      10 |       0 |   0.0
        D:6 |    1047 |       0 |   0.0 |      20 |       0 |   0.0
        D:7 |     502 |      43 |   7.9 |       7 |       1 |  12.5
        D:8 |     604 |       0 |   0.0 |       3 |       0 |   0.0
            +---------+---------+-------+---------+---------+-------
